 Dungeon Crawl Stone Soup version 0.21.1-1-g345015f (webtiles) character file.

1919 nicolaieve the Cleaver (level 8, 0/70 HPs)
             Began as a Minotaur Berserker on July 11, 2018.
             Was a Priest of Trog.
             Slain by Grinder (8 damage)
             ... while paralysed by Grinder
             ... on level 5 of the Dungeon.
             The game lasted 00:15:04 (3795 turns).

nicolaieve the Cleaver (Minotaur Berserker)         Turns: 3795, Time: 00:15:04

Health: 0/70       AC:  7    Str: 24    XL:     8   Next: 95%
Magic:  7/7        EV:  2    Int:  4    God:    Trog [***...]
Gold:   297        SH:  0    Dex: 10    Spells: 7/7 levels left

rFire    . . .     SeeInvis .   a - +0 hand axe
rCold    . . .     Gourm    +   (no shield)
rNeg     . . .     Faith    .   b - +0 ring mail (curse)
rPois    .         Spirit   .   (helmet restricted)
rElec    .         Reflect  .   (no cloak)
rCorr    +         Harm     .   (no gloves)
MR       .....                  C - +0 pair of boots
Stlth    ..........             g - amulet of the gourmand
HPRegen  0.21/turn              v - ring of resist corrosion
MPRegen  0.10/turn              (no ring)

@: paralysed, berserk cooldown, slowed
A: retaliatory headbutt, horns 2
a: Berserk, Trog's Hand, Burn Spellbooks, Renounce Religion


You were on level 5 of the Dungeon.
You worshipped Trog.
Trog was most pleased with you.
You were very full.

You visited 1 branch of the dungeon, and saw 5 of its levels.

You collected 297 gold pieces.

Inventory:

Hand Weapons
 a - a +0 hand axe (weapon)
 h - a +0 war axe
 y - a +2 whip of flaming
Armour
 b - a cursed +0 ring mail (worn)
 C - a +0 pair of boots (worn)
Jewellery
 g - an amulet of the gourmand (around neck)
 o - an uncursed ring of protection from magic {unknown}
 v - a ring of resist corrosion (left hand)
 D - an uncursed amulet of faith {unknown}
Scrolls
 d - 2 scrolls of identify {unknown}
 k - a scroll of immolation {unknown}
 n - 2 scrolls of enchant armour {unknown}
 p - 4 scrolls of blinking {unknown}
 q - 2 scrolls of teleportation {unknown}
 u - 2 scrolls of amnesia {unknown}
 w - a scroll of magic mapping {unknown}
 B - a scroll of noise {unknown}
 E - a scroll of remove curse {unknown}
Potions
 e - 2 potions of heal wounds {unknown}
 f - 3 potions of degeneration {unknown}
 i - a potion of flight {unknown}
 j - a potion of ambrosia {unknown}
 l - a potion of mutation {unknown}
 m - 2 potions of cancellation {unknown}
 r - a potion of curing {unknown}
 s - a potion of resistance {unknown}
 t - a potion of agility {unknown}
 x - a potion of berserk rage {unknown}
 z - 2 potions of brilliance {unknown}
 A - a potion of lignification {unknown}
Comestibles
 c - 7 rations


   Skills:
 + Level 6.1 Fighting
 * Level 11.2 Axes
 + Level 5.7 Armour
 + Level 4.9 Dodging


You had 7 spell levels left.
You didn't know any spells.

Dungeon Overview and Level Annotations

Branches:
Dungeon (5/15)
 Temple: D:4-7

Altars:
Hepliaklqana
Kikubaaqudgha
Ru
Sif Muna
Wu Jian
The Shining One

Annotations:
D:5 Grinder


Innate Abilities, Weirdness & Mutations

You reflexively headbutt those who attack you in melee.
You have a pair of horns on your head.


Message History

You barely miss Grinder.
Grinder is severely wounded.
Grinder closely misses you.
Unknown command.
You hit Grinder. Your headbutt misses Grinder.
Grinder is almost dead.
Grinder hits you.
* * * LOW HITPOINT WARNING * * *
You writhe in agony.
* * * LOW HITPOINT WARNING * * *
You hit Grinder but do no damage.
Grinder is almost dead.
Grinder gestures at you.
You suddenly lose the ability to move!
Grinder hits you.
* * * LOW HITPOINT WARNING * * *
Grinder hits you but does no damage. Grinder completely misses you.
Grinder hits you!
You die...

#.....# ###..
#.....## ###....
#......# ###....#.
#......####.......#
#......##....##..(.
#......).((###.....
#.......######.....
#.....### #......
#5@...# #..)...
#.....## ##......
##...## #.......
##### #....... ###
#....... #.#
##....... #.#####
#..♣..... ##.....##
#..P♣.P.. #.......#
##...PP..


You could see Grinder.

Vanquished Creatures
  Pikel (D:4)
  The ghost of spiff the Chucker, a novice TrHu of Elyvilon (D:5)
  2 slaves (D:4)
  3 ogres
  2 centaurs (D:5)
  3 scorpions
  A crimson imp (D:5)
  3 hounds
  An orc priest (D:4)
  3 orc wizards
  5 worker ants
  Robin (D:3)
  6 adders
  2 shadow imps (D:5)
  An ooze (D:2)
  2 adder zombies (D:5)
  2 worms
  A dart slug (D:2)
  2 leopard geckos (D:2)
  9 orcs
  5 bats
  6 giant cockroaches
  15 goblins
  10 hobgoblins
  14 jackals
  2 quokkas
  A ball python skeleton (D:4)
  4 frilled lizards
  A jackal skeleton (D:4)
  6 kobolds
  A leopard gecko skeleton (D:5)
  8 rats
124 creatures vanquished.

Vanquished Creatures (others)
  An orc (D:4)
1 creature vanquished.

Grand Total: 125 creatures vanquished

Notes
Turn   | Place    | Note
-------+----------+-------------------------------------------
     0 | D:1      | nicolaieve the Minotaur Berserker began the quest for the Orb.
     0 | D:1      | Reached XP level 1. HP: 19/19 MP: 0/0
    92 | D:1      | Reached skill level 4 in Axes
   164 | D:1      | Reached XP level 2. HP: 19/27 MP: 1/1
   521 | D:2      | Reached XP level 3. HP: 32/33 MP: 2/2
   540 | D:2      | Reached ** piety under Trog
   658 | D:2      | Found a sacrificial altar of Ru.
  1019 | D:2      | Reached skill level 5 in Axes
  1087 | D:2      | Found a hazy altar of Hepliaklqana.
  1087 | D:2      | Found a deep blue altar of Sif Muna.
  1321 | D:2      | Reached XP level 4. HP: 27/40 MP: 3/3
  1860 | D:3      | Noticed Robin
  1864 | D:3      | Killed Robin
  1872 | D:3      | Reached *** piety under Trog
  1872 | D:3      | Reached XP level 5. HP: 46/46 MP: 4/4
  1962 | D:3      | Reached skill level 6 in Axes
  2269 | D:4      | Noticed an ogre
  2274 | D:4      | Killed an ogre
  2281 | D:4      | Reached skill level 7 in Axes
  2281 | D:4      | Reached XP level 6. HP: 53/53 MP: 5/5
  2330 | D:4      | Noticed Pikel
  2331 | D:4      | Noticed a slave
  2332 | D:4      | Noticed a slave
  2332 | D:4      | Noticed a slave
  2335 | D:4      | Noticed a slave
  2336 | D:4      | Killed a slave
  2337 | D:4      | Found an ornate altar of the Wu Jian Council.
  2340 | D:4      | Killed a slave
  2341 | D:4      | Killed Pikel
  2341 | D:4      | Reached skill level 8 in Axes
  2341 | D:4      | Reached XP level 7. HP: 60/60 MP: 6/6
  2377 | D:4      | Reached skill level 5 in Fighting
  2377 | D:4      | Reached skill level 9 in Axes
  2555 | D:4      | Reached XP level 8. HP: 33/68 MP: 7/7
  2826 | D:4      | Found a glowing golden altar of the Shining One.
  2903 | D:5      | Entered Level 5 of the Dungeon
  2925 | D:5      | Noticed spiff's ghost (novice TrHu)
  2954 | D:5      | Found an ancient bone altar of Kikubaaqudgha.
  2964 | D:5      | Killed spiff's ghost
  2964 | D:5      | Reached skill level 10 in Axes
  2964 | D:5      | Reached skill level 5 in Armour
  3116 | D:5      | Reached **** piety under Trog
  3207 | D:5      | Reached skill level 11 in Axes
  3269 | D:5      | HP: 3/70 [centaur (5)]
  3274 | D:5      | HP: 5/105 [centaur (6)]
  3766 | D:5      | Noticed Grinder
  3791 | D:5      | Paralysed by Grinder for 7 turns
  3795 | D:5      | Slain by Grinder

Skill      XL: |  1  2  3  4  5  6  7  8 |
---------------+-------------------------+-----
Axes           | 4 5 7 8 9 11 | 11.2
Fighting       | 4 5 6 |  6.1
Dodging        | 3 4 |  4.9
Armour         | 3 4 5 |  5.7

Action                   |  1- 3 |  4- 6 |  7- 9 || total
-------------------------+-------+-------+-------++-------
Melee: Hand axe          |    94 |    92 |   115 ||   301
       Headbutt          |    11 |    14 |    20 ||    45
Invok: Berserk           |       |     2 |     5 ||     7
       Trog's Hand       |       |       |     2 ||     2
 Stab: Sleeping          |     1 |       |       ||     1
  Eat: Chunk             |    16 |     4 |     9 ||    29
Armor: Animal skin       |     8 |       |       ||     8
       Ring mail         |     5 |    31 |    21 ||    57
Dodge: Dodged            |    42 |    53 |    72 ||   167
